 Dungeon Crawl Stone Soup version 0.27-a0-1189-gb8eb6cee8e (webtiles) character file.

Game seed: 8911232743058115227

333 freelancePsychic the Magician (level 6, -7/46 HPs)
             Began as a Djinni Necromancer on May 23, 2021.
             Mangled by a wyvern zombie (12 damage)
             ... on level 4 of the Dungeon.
             The game lasted 00:09:20 (4248 turns).

freelancePsychic the Magician (Djinni Necromancer)  Turns: 4248, Time: 00:09:21

Health: -7/46      AC:  4    Str:  7    XL:     6   Next: 82%
Gold:   39         EV: 12    Int: 18    God:
                   SH:  0    Dex: 14

rFire    + + .     SeeInvis .   e - +3 dagger (venom)
rCold    x . .     Faith    .   (no shield)
rNeg     . . .     Spirit   .   a - +0 robe
rPois    ∞         Reflect  .   (no helmet)
rElec    .         Harm     .   g - scarf {repulsion}
rCorr    .         Rampage  .   b - +1 pair of gloves
Will     .....                  (boots unavailable)
Stlth    ++........             (no amulet)
HPRegen  0.15/turn              c - ring of wizardry
MPRegen  0.00/turn              (no ring)

@: weak-willed, flying, hasted, repel missiles, very quick
A: sickness immunity, fire resistance 2, cold vulnerability 1, float, innate
caster, hp casting, extra vitality 1
a: no special abilities


You were on level 4 of the Dungeon.
You visited 1 branch of the dungeon, and saw 4 of its levels.

You collected 97 gold pieces.
You spent 58 gold pieces at shops.

Inventory:

Hand Weapons
 e - a +3 dagger of venom (weapon)
Armour
 a - a +0 robe (worn)
 b - a +1 pair of gloves (worn)
 g - a scarf of repulsion (worn)
Jewellery
 c - a ring of wizardry (left hand)
 d - a ring of resist corrosion
 i - a ring of flight
Potions
 h - 3 potions of attraction
 j - a potion of might {unknown}
 l - a potion of curing {unknown}


   Skills:
 + Level 3.3 Fighting
 - Level 2.2 Dodging
 - Level 1.6 Stealth
 * Level 5.2 Spellcasting


You couldn't memorise any spells.
You knew the following spells:

 Your Spells              Type           Power      Damage    Failure   Level
a - Foxfire               Conj/Fire      92%        2x1d8     1%          1
b - Animate Skeleton      Necr           46%        N/A       1%          1
c - Vampiric Draining     Necr           11%        2d7       1%          3
d - Animate Dead          Necr           11%        N/A       6%          4
e - Agony                 Necr           23%        N/A       16%         5
f - Pain                  Necr           92%        1d8       1%          1
g - Wereblood             Tmut           23%        N/A       1%          2
Your spell library was empty.

Dungeon Overview and Level Annotations

Branches:
Dungeon (4/15)
 Temple: D:4-7

Altars:
Cheibriados

Shops:
D:3 *?


Innate Abilities, Weirdness & Mutations

You are immune to sickness and miasma.
You are immune to poison.
Your flesh is very heat resistant. (rF++)
You are vulnerable to cold. (rC-)
You float through the air rather than walking.
You learn spells naturally, not from books.
Your magical power is your life essence.
You have superior vitality. (+4 HP)


Message History

Casting: Vampiric Draining (safe; 1% risk of failure)
Confirm with . or Enter, or press ? or * to list all spells.
Aiming: Vampiric Draining (safe; 1% risk of failure)
Press: ? - help, Shift-Dir - straight line, f/p - orc
Aim: an orc, wielding a +0 club and wearing a +0 scale mail (almost dead, weak-willed)
You draw life force from the orc!
You kill the orc!
You hear the quick hiss of a very distant avalanche of sand.
The wyvern zombie bites you!
Casting: Vampiric Draining (safe; 1% risk of failure)
Confirm with . or Enter, or press ? or * to list all spells.
Aiming: Vampiric Draining (safe; 1% risk of failure)
Press: ? - help, Shift-Dir - straight line, f - you
Okay, then.
Casting: Vampiric Draining (safe; 1% risk of failure)
Confirm with . or Enter, or press ? or * to list all spells.
You conjure some foxfire!
The wyvern zombie closely misses you.
The foxfire hits the orc.
The orc is lightly wounded.
You hit the wyvern zombie.
The wyvern zombie is lightly damaged.
The wyvern zombie bites you!
The wyvern zombie bites you but does no damage.
Casting: Foxfire (safe; 1% risk of failure)
Confirm with . or Enter, or press ? or * to list all spells.
Aiming: Vampiric Draining (safe; 1% risk of failure)
Press: ? - help, Shift-Dir - straight line, f - orc
Aim: an orc, wielding a +0 mace and wearing a +0 leather armour (lightly wounded)
You draw life force from the orc.
You kill the orc!
You feel life coursing into your body. The wyvern zombie bites you!
* * * LOW HITPOINT WARNING * * *
You aren't carrying any scrolls.
It was a potion of haste.
You feel yourself speed up. The wyvern zombie closely misses you.
The adder skeleton closely misses you.
Your foxfire dissipates!
The wyvern zombie bites you.
* * * LOW HITPOINT WARNING * * *
The wyvern zombie bites you!
You die...

#.# .# #.# ##.# ## ####.####
#..## #. #.......#
#....######### #.
#.......###.###........# #.
#...(...##..#.#...####.####.
#..........#.⌠.#..# ##.##...
#.......##Z.#.#..## #.......
#.......###@###.............
#.......# ##...######....#..
######### #### ##..###. #.##
## #.## ##


You could see a wyvern zombie (weak-willed).

Vanquished Creatures
  A scorpion (D:4)
  3 orc priests
  A hound (D:4)
  4 adders
  A gnoll (D:2)
  A worm (D:2)
  A dart slug (D:2)
  9 orcs
  3 ball pythons
  8 bats
  4 endoplasms
  4 giant cockroaches
  6 hobgoblins
  20 jackals
  4 kobolds
  4 quokkas
  5 frilled lizards
  6 goblins
  5 rats
90 creatures vanquished.

Vanquished Creatures (others)
  14 foxfires
  10 plants (D:1)
24 creatures vanquished.

Grand Total: 114 creatures vanquished

Notes
Turn   | Place    | Note
-------+----------+-------------------------------------------
     0 | D:1      | freelancePsychic the Djinni Necromancer began the quest for
                  | the Orb.
     0 | D:1      | Reached XP level 1. HP: 15/15 MP: 0/0
   537 | D:1      | Reached XP level 2. HP: 18/22 MP: 0/0
  1035 | D:2      | Reached skill level 1 in Fighting
  1035 | D:2      | Reached XP level 3. HP: 1/27 MP: 0/0
  1035 | D:2      | Learned a level 1 spell: Foxfire
  1806 | D:2      | Reached XP level 4. HP: 27/32 MP: 0/0
  1896 | D:2      | Reached skill level 4 in Spellcasting
  2727 | D:1      | Reached XP level 5. HP: 35/38 MP: 0/0
  2727 | D:1      | Learned a level 2 spell: Wereblood
  3418 | D:3      | Found Gumih's Magic Scroll Boutique.
  3788 | D:3      | Found Ezxevo's Assorted Antiques.
  3796 | D:3      | Bought a scroll labelled AXZOTA MYFAHO for 29 gold pieces
  3796 | D:3      | Bought a scroll labelled LIEHUF LUANANIC for 29 gold pieces
  3874 | D:4      | Reached XP level 6. HP: 9/46 MP: 0/0
  4149 | D:4      | Found a snail-covered altar of Cheibriados.
  4194 | D:4      | Reached skill level 5 in Spellcasting
  4248 | D:4      | Mangled by a wyvern zombie

Illustrated notes

Levels and vault maps discovered:
D:1:      nagdon_arrival_zigzag_paths, layout_loops_ring, serial_bayou_ford_a,
          kennysheep_boxes
D:2:      layout_loops_cross, serial_bayou_pond_b, serial_park_tiny_1,
          cheibrodos_gnoll_hut
D:3:      layout_loops_corners, serial_shops, shop, nicolae_shop_crystal, shop,
          nicolae_shop_stone, nicolae_shop_crystal
D:4:      layout_loops_ring, grunt_ashenzari_visionary
          [grunt_ashenzari_visionary_shoals, grunt_ashenzari_visionary_snake],
          kennysheep_mini, kennysheep_mini_moat, zin_academy,
          ebering_ghost_rock_garden, enter_ossuary_2,
          hangedman_abyss_or_decor_lesser_grid, grunt_decor_one_mirror

Skill      XL: |  1  2  3  4  5  6 |
---------------+-------------------+-----
Fighting       | 1 2 3 |  3.3
Spellcasting   | 4 5 |  5.2
Dodging        | |  2.2
Stealth        | |  1.6

Action                   |  1- 3 |  4- 6 || total
-------------------------+-------+-------++-------
Melee: Dagger            |    13 |    19 ||    32
 Cast: Pain              |    29 |       ||    29
       Vampiric Draining |    15 |    62 ||    77
       Foxfire           |       |    10 ||    10
  Use: Scroll            |       |     7 ||     7
       Potion            |       |     1 ||     1
 Stab: Sleeping          |     3 |    10 ||    13
Armor: Robe              |    11 |    11 ||    22
Dodge: Dodged            |    16 |    44 ||    60

Table legend: (Time is in decaauts)
 A = Elapsed time spent in this place.
 B = Non-inter-level travel time spent in this place.
 C = Inter-level travel time spent in this place.
 D = Time resting spent in this place.
 E = Time spent auto-exploring this place.
 F = Levels seen in this place.
 G = Mean time per level.
                   A        B        C        D        E       F      G
               +--------+--------+--------+--------+--------+-----+--------+
         Total |   4246 |   4083 |    163 |    945 |   2534 |   4 | 1061.5 |
       Dungeon |   4246 |   4083 |    163 |    945 |   2534 |   4 | 1061.5 |
               +--------+--------+--------+--------+--------+-----+--------+

Top non-repeatable levels by time:
     D:1: 1910 daAuts
     D:2: 1502 daAuts
     D:3: 705 daAuts
     D:4: 128 daAuts
